Map: Automaton LE

Players

TYTY (TY)

  • Race: Terran Terran
  • Spawn Location: 3:00

soO - Winner!

  • Race: Zerg Zerg
  • Spawn Location: 9:00

Event: IEM Season 13: Katowice (2019)

VOD

Have the link to the VOD?

Description

Time

  • Played on: March 1, 2019, 1:20 p.m.
  • Length: 16:41

All games in this series

Show
View Real Time Build Order
Export as new Build Order

TYTY Terran 

Build Orders: Reaper Expand 

Get SALT Encoding   

  12  0:00  SCV  
  13  0:13  SCV  
  14  0:18  Supply Depot  
  14  0:25  SCV  
  15  0:40  SCV  
  15  0:42  Barracks  
  16  0:44  Refinery  
  16  0:52  SCV  
  17  1:04  SCV  
  18  1:16  SCV  
  19  1:28  Reaper  
  19  1:29  Orbital Command  
  20  1:43  Command Center  
  20  1:53  Supply Depot  
  20  1:56  SCV  
  20  2:00  Marine  
  22  2:10  SCV  
  22  2:14  Factory  
  23  2:18  Marine  
  23  2:22  SCV  
  25  2:34  SCV  
  26  2:39  Barracks Reactor  
  26  2:41  Barracks  
  26  2:46  SCV  
  27  2:55  Orbital Command  
  28  2:58  SCV  
  28  3:10  SCV  
  29  3:15  Command Center  
  29  3:22  SCV  
  29  3:23  SCV  
  29  3:25  Barracks Tech Lab  
  29  3:27  Hellion  
  33  3:28  Hellion  
  33  3:30  Barracks Reactor  
  35  3:34  SCV  
  35  3:35  Refinery  
  35  3:37  SCV  
  37  3:44  Marine  
  37  3:46  SCV  
  37  3:47  Stimpack  
  39  3:49  SCV  
  39  3:51  Hellion  
  39  3:55  Supply Depot  
  42  3:57  Hellion  
  42  3:59  SCV  
  42  4:01  SCV  
  46  4:16  Marine  
  46  4:17  Marine x2, SCV x2, Supply Depot  
  48  4:19  Starport  
  51  4:29  SCV x2  
  51  4:30  Supply Depot  
  53  4:31  Orbital Command  
  53  4:34  Marine x2  
  53  4:37  Marine  
  56  4:41  SCV x2  
  58  4:52  Marine  
  59  4:54  Marine  
  59  4:55  Marine, SCV  
  59  4:58  Supply Depot, Medivac x2  
  59  4:59  SCV  
  67  5:00  SCV  
  67  5:02  Barracks  
  67  5:05  Factory Tech Lab  
  67  5:06  Supply Depot  
  68  5:08  SCV  
  68  5:10  Marine  
  68  5:11  SCV  
  68  5:12  Marine  
  72  5:18  Refinery  
  72  5:19  Refinery  
  72  5:20  Marine, SCV  
  74  5:21  Orbital Command  
  74  5:24  Engineering Bay  
  74  5:26  Engineering Bay, SCV  
  74  5:28  Marine  
  75  5:32  Siege Tank, SCV  
  79  5:38  SCV  
  79  5:39  Marine x2  
  79  5:41  Supply Depot  
  79  5:42  Starport Reactor, Supply Depot  
  82  5:45  SCV  
  83  5:50  SCV x2  
  85  5:58  Terran Infantry Armor Level 1, Terran Infantry Weapons Level 1  
  85  5:59  Marine x2  
  85  6:01  Barracks  
  85  6:03  SCV x2  
  89  6:04  Barracks  
  89  6:10  Siege Tank  
  90  6:12  Marine  
  90  6:14  SCV  
  90  6:15  SCV  
  90  6:17  Marine x2  
  91  6:22  Marine x2, Combat Shield  
  91  6:25  SCV  
  91  6:29  Marine  
  93  6:33  Medivac  
  93  6:34  Marine, SCV x2  
  93  6:35  Marine  
  93  6:37  Medivac  
  93  6:38  SCV  
  93  6:39  Refinery  
  102  6:42  Marine x2  
  102  6:45  Supply Depot  
  102  6:46  SCV  
  102  6:47  SCV  
  106  6:50  Marine, SCV  
  106  6:51  Armory  
  106  6:52  Marine  
  106  6:53  Marine  
  106  6:54  Barracks Reactor  
  109  6:55  Barracks Reactor  
  109  6:59  SCV  
  109  7:00  Marine x2  
  112  7:03  SCV x2  
  112  7:05  Supply Depot  
  112  7:07  Medivac  
  112  7:08  Marine  
  117  7:09  Widow Mine  
  117  7:12  Marine x2  
  117  7:14  Supply Depot  
  121  7:16  SCV x2  
  121  7:17  SCV  
  121  7:18  Marine  
  125  7:26  Supply Depot, Marine  
  125  7:27  Marine, Medivac  
  125  7:28  Missile Turret  
  125  7:29  Supply Depot  
  129  7:36  Widow Mine  
  129  7:37  SCV  
  129  7:38  Marine x3, SCV x2  
  129  7:42  Command Center  
  134  7:51  Marine x2, Medivac  
  119  7:52  Marine x2  
  119  7:53  Terran Infantry Weapons Level 2  
  119  7:57  Medivac  
  119  7:58  Marine x3  
  118  8:08  Marine x2  
  118  8:11  Missile Turret  
  118  8:12  Terran Vehicle And Ship Armor Level 1  
  120  8:13  Thor  
  120  8:17  Marine x2  
  120  8:18  Marine x2  
  120  8:19  Marine  
  130  8:23  Missile Turret  
  130  8:26  Medivac  
  129  8:27  Barracks  
  129  8:29  Marine x2, Barracks  
  129  8:30  Marauder  
  129  8:31  Factory  
  133  8:35  Marine x3  
  133  8:40  Marine x3  
  141  8:43  Sensor Tower, SCV  
  141  8:47  Marine x2, Terran Infantry Armor Level 2  
  142  8:51  Marine  
  142  8:53  Marine x2  
  147  9:02  Thor  
  151  9:05  SCV x3  
  151  9:06  Missile Turret  
  151  9:07  Missile Turret, Refinery  
  154  9:13  Marine x5, Marauder  
  154  9:14  Marine  
  154  9:15  Barracks Tech Lab  
  154  9:16  Barracks Tech Lab  
  162  9:23  Missile Turret  
  161  9:24  SCV x2  
  161  9:25  Marine  
  165  9:36  Marauder  
  165  9:38  SCV  
  157  9:40  Barracks Tech Lab  
  157  9:42  Marine x4  
  157  9:43  Planetary Fortress  
  157  9:45  Medivac x2  
  163  9:47  Thor, Missile Turret  
  163  9:48  Missile Turret  
  163  9:50  Factory Reactor  
  168  9:55  Marine x2  
  168  9:56  Marauder  
  168  9:57  Marauder  
  174  10:01  SCV x2  
  174  10:02  SCV  
  175  10:15  Marine x2, Marauder x2  
  175  10:17  Marine x2  
  175  10:18  Marine x3  
  178  10:21  Supply Depot  
  178  10:23  Concussive Shells  
  178  10:26  Supply Depot  
  178  10:29  Widow Mine  
  178  10:32  Supply Depot  
  178  10:35  Missile Turret x2  
  180  10:36  Terran Vehicle And Ship Armor Level 2  
  180  10:38  Terran Infantry Weapons Level 3  
  179  10:48  Widow Mine x2  
  183  10:51  Marine x3, Marauder x2  
  183  10:52  Marauder x2  
  183  10:53  Marine x2, Medivac x2  
  196  10:57  Widow Mine  
  196  11:05  Supply Depot  
  196  11:11  Marine x3  
  195  11:12  Marine  
  195  11:13  Drilling Claws  
  195  11:19  Sensor Tower  
  195  11:27  Widow Mine  
  195  11:28  Command Center  
  195  11:30  Command Center  
  192  11:40  Marine x4  
  192  11:41  Marine x2, Thor, Marauder x2  
  192  11:42  Widow Mine  
  192  11:45  Marine x2  
  152  11:47  Medivac  
  152  11:48  Widow Mine  
  150  11:58  Marine x6  
  156  12:01  Terran Infantry Armor Level 3  
  156  12:08  Widow Mine  
  158  12:09  Marine x3  
  158  12:10  Widow Mine  
  158  12:15  Marine  
  161  12:16  Marine  
  161  12:18  Marine x2  
  161  12:20  Marine x3  
  156  12:24  Medivac x2  
  156  12:27  Marine  
  161  12:31  Marine x2  
  161  12:33  Marine  
  161  12:34  Widow Mine x2, Marine  
  161  12:39  Marine x5  
  165  12:45  Marine  
  165  12:47  SCV x2  
  165  12:49  Marine x2  
  160  12:53  Thor  
  160  12:54  Marine x2  
  160  12:57  Marine x2  
  170  13:01  Widow Mine x2  
  174  13:08  Marine x4, Marauder x2  
  174  13:10  Liberator x2  
  174  13:12  Sensor Tower, Marine x2  
  184  13:14  Marine x2  
  178  13:27  Marauder  
  145  13:29  Widow Mine x2, Marauder x2  
  159  13:34  Missile Turret  
  158  13:50  Widow Mine  
  158  13:52  Command Center  
  158  13:53  Liberator x2, Command Center  
  158  13:55  Widow Mine  
  154  13:56  Marine x4, Starport x2  
  158  14:07  Widow Mine  
  158  14:09  SCV x3  
  157  14:11  Widow Mine  
  157  14:16  Widow Mine  
  167  14:23  Sensor Tower  
  156  14:27  Marine x2  
  156  14:28  Marine x2  
  146  14:33  Widow Mine x2  
  146  14:37  Marine x3, Marauder x3  
  159  14:45  Marine  
  160  14:52  Marine x2  
  160  14:53  Marine  
  160  14:55  Marine  
  144  15:01  Marine, Marauder  
  144  15:02  Marauder x2  
  144  15:03  Marine  
  144  15:04  Widow Mine x2  
  106  15:10  Marine x3  
  106  15:13  Marine  
  88  15:14  SCV  
  88  15:15  SCV x2  
  88  15:19  Widow Mine, Marine  
  88  15:21  Marine  
  93  15:22  Marine x2  
  93  15:25  Widow Mine, Marauder  
  93  15:27  Widow Mine, SCV x2  
  98  15:33  Starport Reactor, Starport Tech Lab  
  98  15:34  Liberator x2  
  98  15:39  Liberator  
  98  15:40  Marine x2  
  98  15:41  Marine x4  
  107  15:47  Widow Mine x2, Orbital Command  
  118  16:04  Marauder x2  
  118  16:09  Sensor Tower  
  128  16:21  Missile Turret  
  128  16:24  Refinery  
  128  16:25  Refinery  
Show
View Real Time Build Order
Export as new Build Order

soO Zerg - Winner!

Build Orders: Hatch First, Muta Ling Bane 

Get SALT Encoding   

  12  0:00  Drone  
  13  0:12  Overlord  
  13  0:17  Drone  
  14  0:31  Drone x2  
  14  0:35  Drone  
  17  0:52  Hatchery  
  17  0:55  Drone  
  17  0:59  Drone  
  18  1:09  Extractor  
  17  1:13  Spawning Pool  
  17  1:17  Drone  
  17  1:20  Drone  
  18  1:28  Drone  
  19  1:38  Overlord  
  19  1:49  Drone  
  20  2:00  Queen  
  20  2:01  Zergling x2  
  23  2:03  Queen  
  23  2:04  Zergling x2  
  26  2:10  Metabolic Boost  
  26  2:12  Drone  
  26  2:15  Drone  
  28  2:22  Drone  
  29  2:26  Drone  
  30  2:35  Queen  
  32  2:40  Drone  
  33  2:45  Drone, Extractor  
  33  2:49  Overlord  
  33  2:51  Drone  
  34  2:58  Hatchery  
  34  3:04  Drone x2  
  36  3:08  Drone x2  
  36  3:09  Drone  
  36  3:10  Drone  
  40  3:16  Queen  
  42  3:20  Drone  
  42  3:23  Overlord  
  42  3:27  Drone  
  44  3:40  Overlord  
  44  3:42  Drone x3  
  44  3:45  Drone  
  44  3:46  Overlord  
  48  3:50  Drone x2  
  48  3:52  Queen  
  52  3:58  Drone, Overlord  
  52  4:01  Extractor  
  52  4:02  Lair, Extractor  
  51  4:06  Drone  
  51  4:07  Drone x2  
  54  4:15  Evolution Chamber  
  54  4:16  Drone  
  54  4:17  Evolution Chamber, Drone  
  53  4:19  Drone x3  
  53  4:22  Drone  
  58  4:28  Drone x4  
  62  4:35  Overlord  
  62  4:36  Drone, Overlord  
  63  4:42  Zerg Ground Armor Level 1  
  63  4:45  Zerg Melee Weapons Level 1  
  63  4:46  Drone  
  63  4:47  Drone  
  63  4:49  Drone  
  63  4:52  Overlord  
  66  4:55  Drone x2  
  66  4:56  Drone  
  66  4:58  Baneling Nest  
  68  5:00  Drone  
  68  5:05  Zergling x4  
  71  5:10  Drone  
  71  5:11  Drone  
  71  5:13  Drone x5  
  78  5:15  Extractor  
  78  5:16  Extractor  
  76  5:22  Drone  
  76  5:24  Zergling x8  
  76  5:28  Zergling x10  
  86  5:29  Extractor  
  85  5:41  Centrifical Hooks  
  85  5:43  Zergling x10  
  85  5:44  Spire  
  85  5:47  Baneling x5  
  89  5:57  Zergling x2  
  89  6:00  Overlord x2  
  89  6:02  Overlord  
  90  6:09  Drone  
  89  6:18  Drone, Queen  
  88  6:20  Drone x4  
  88  6:24  Drone  
  92  6:25  Drone x2  
  92  6:29  Zergling x18  
  102  6:34  Hatchery  
  102  6:35  Overlord  
  101  6:41  Drone  
  101  6:44  Overlord  
  102  6:51  Overlord  
  102  6:56  Hatchery  
  102  7:00  Mutalisk x6  
  113  7:02  Zerg Ground Armor Level 2  
  113  7:05  Zerg Melee Weapons Level 2  
  113  7:13  Mutalisk x4  
  121  7:22  Zergling x8  
  125  7:32  Baneling  
  125  7:33  Baneling x9  
  125  7:34  Zergling x8  
  129  7:50  Zergling x20  
  119  7:53  Zergling x2  
  116  7:59  Mutalisk x5  
  124  8:07  Zergling x6  
  124  8:08  Zergling x6  
  124  8:09  Drone  
  129  8:15  Drone  
  129  8:16  Overseer  
  129  8:20  Drone x3  
  129  8:23  Pneumatized Carapace  
  129  8:24  Overseer  
  129  8:26  Drone x2, Zerg Flyer Weapons Level 1  
  134  8:33  Mutalisk  
  134  8:35  Overlord x2  
  134  8:37  Drone  
  134  8:38  Extractor  
  134  8:40  Baneling x11  
  136  8:43  Drone x4  
  140  8:53  Hatchery  
  139  8:56  Drone x2  
  139  8:57  Drone  
  139  8:59  Zergling x26  
  155  9:09  Infestation Pit  
  154  9:15  Overlord  
  154  9:17  Zergling x2  
  154  9:18  Zergling x6  
  154  9:20  Overlord  
  154  9:23  Zergling x10  
  157  9:35  Zergling x16  
  165  9:39  Mutalisk  
  165  9:42  Zergling x12  
  173  9:46  Overlord, Hive  
  173  9:47  Overlord  
  173  9:50  Overlord  
  173  9:53  Overseer x3  
  173  9:56  Overlord  
  173  10:06  Drone x12  
  185  10:14  Zergling x14  
  185  10:20  Zergling x18  
  199  10:22  Baneling x4  
  198  10:30  Zergling x2  
  199  10:42  Baneling x14  
  199  10:45  Spore Crawler  
  199  10:47  Mutalisk x2  
  198  10:54  Mutalisk  
  198  10:59  Zerg Melee Weapons Level 3, Zerg Flyer Weapons Level 2, Zerg Ground Armor Level 3  
  198  11:00  Adrenal Glands  
  198  11:02  Baneling x8  
  198  11:03  Drone x2, Ultralisk Cavern  
  199  11:05  Extractor  
  199  11:09  Hatchery  
  197  11:21  Spine Crawler  
  197  11:24  Spore Crawler  
  195  11:25  Baneling  
  195  11:26  Baneling x11  
  195  11:27  Zergling x8  
  199  11:33  Baneling x7  
  199  11:35  Baneling x3  
  194  11:43  Zergling x62  
  167  11:47  Mutalisk x2  
  167  11:52  Mutalisk x3  
  171  11:56  Zergling x8  
  171  11:58  Chitinous Plating  
  175  12:06  Ultralisk, Zergling x14  
  188  12:09  Baneling x4  
  188  12:10  Zergling x10  
  188  12:12  Baneling x2  
  192  12:21  Ultralisk, Zergling x4  
  169  12:44  Ultralisk x2, Zergling x22  
  177  12:51  Hatchery  
  179  12:57  Overseer x2  
  184  13:05  Ultralisk, Zergling x4  
  184  13:06  Zergling x20  
  184  13:08  Baneling x4  
  184  13:09  Zergling x8  
  199  13:17  Anabolic Synthesis  
  188  13:23  Zergling x16  
  181  13:28  Corruptor x3  
  183  13:35  Zergling x6  
  184  13:49  Hatchery  
  184  13:54  Ultralisk, Zergling x20  
  196  14:00  Zerg Flyer Weapons Level 3  
  196  14:02  Baneling x4  
  196  14:04  Baneling x6  
  196  14:08  Zergling x6  
  196  14:09  Extractor  
  198  14:13  Baneling x6  
  198  14:16  Zergling x2  
  192  14:25  Hatchery  
  192  14:28  Zergling x24  
  193  14:32  Overlord x2  
  193  14:39  Baneling x4  
  193  14:42  Overlord  
  193  14:45  Overlord  
  193  14:59  Zergling x26  
  185  15:05  Zergling x8  
  156  15:17  Ultralisk, Zergling x12  
  150  15:30  Ultralisk x4  
  150  15:32  Ultralisk, Zergling x4  
  150  15:33  Corruptor x3, Zergling x2  
  189  15:36  Drone x2  
  189  15:37  Drone  
  189  15:40  Baneling x6  
  189  15:42  Drone  
  193  15:44  Drone x3  
  193  15:45  Extractor  
  193  15:48  Baneling x2  
  193  15:49  Baneling  
  195  15:51  Baneling x2, Zergling x2  
  195  15:52  Zergling x6  
  197  16:04  Zergling x4  
  197  16:08  Hatchery  
  197  16:09  Spore Crawler  
  197  16:10  Baneling  
  197  16:11  Baneling x9  
  197  16:15  Drone x2  
  197  16:16  Zergling x2  
  200  16:18  Spine Crawler  
  200  16:19  Spore Crawler  
  179  16:36  Spine Crawler  

Tags
 
Add a new tag
Caveats
  • Supply blocks, unpowered buildings, or Contaminate may cause inaccurate times.
  • Supply counts are checked every 10 seconds.